Description

Copy for me

General BO:

Hatch Gas Pool (standard Opener) @Pool 2 Queens + 2-4 Lings for scouting @100 Gas Ling Speed (keep drones in gas) @2 Queens build 2 more (total of 4) @50 Gas build a Bane Nest @100 Gas build a Lair then 2-4 defensive Banes If you feel your being attacked build Spines + Evo liberally @3:30 2 more gas @Lair Spire + 4th Gas @44 Drones (16 per mineral line + 3 per gas) build a 3rd and start flooding lings. Be very aggressive with your lings. If not already done build a Evo Chamber now and get + melee asap. Keep Spamming Lings until your spire is done!! Pressure your opponent with Ling Bane @spire start building mutas

VOD

https://youtu.be/tTt_xk5DxVE

Build Order

Get SALT Encoding   

  12  0:00  Drone  
  13  0:13  Overlord  
  13  0:17  Drone  
  14  0:31  Drone x3  
  17  0:52  Hatchery  
  17  0:55  Drone x2  
  18  1:09  Extractor  
  17  1:14  Spawning Pool  
  17  1:17  Drone x2  
  18  1:29  Drone  
  21  2:03  Queen x2  
  27  2:08  Zergling x2  
  27  2:11  Metabolic Boost  
  27  2:12  Overlord  
  28  2:36  Baneling Nest  
  30  2:39  Queen  
  33  2:45  Queen  
  33  2:50  Overlord  
  44  3:20  Lair  
  44  3:28  Zergling x4, Extractor x2  
  44  3:30  Overlord  
  44  3:36  Overlord  
  44  3:47  Baneling x2  
  54  4:02  Evolution Chamber  
  54  4:15  Extractor  
  54  4:16  Zergling x4  
  58  4:25  Spire  
  58  4:27  Zergling x4  
  59  4:33  Zergling x6  
  61  4:46  Zerg Melee Weapons Level 1  
  61  5:00  Hatchery  
  70  5:28  Baneling x4  
  69  5:45  Baneling x2  
  69  5:46  Mutalisk x7  
  81  5:58  Baneling x2  
  81  6:01  Mutalisk  
  82  6:26  Mutalisk x2  
  92  6:37  Queen  
  97  7:24  Zerg Flyer Weapons Level 1, Extractor x2  
  98  7:45  Zerg Melee Weapons Level 2  
  102  8:44  Infestation Pit  
  102  8:47  Centrifical Hooks  
  106  8:50  Hatchery  
  104  9:37  Spine Crawler x2  
Spawning Tool Build Advisor. Get it on Overwolf

Go to:

Details

  • Created by: Jeff1921
  • Published on: Jul 18, 2020
  • Modified on: Jul 18, 2020
  • Patch: 4.11.0
  • Difficulty: Medium
Show
View Real Time Build Order
Export as new Build Order

Comments (0)

There are no comments. Be the first!

Create an account to comment!